 Dungeon Crawl Stone Soup version 0.18-a0-1285-g60d00e1 (webtiles) character file.

2242 Duffy the Basher (level 9, 0/45 HPs)
             Began as a Vine Stalker Fighter on Feb 8, 2016.
             Was an Elder of Cheibriados.
             Killed from afar by an orc wizard (1 damage)
             ... with a puff of flame
             ... on level 8 of the Dungeon.
             The game lasted 00:06:58 (5911 turns).

Duffy the Basher (Vine Stalker Fighter)             Turns: 5911, Time: 00:06:59

Health: 0/45       AC: 15    Str: 36    XL:     9   Next: 37%
Magic:  0/28       EV:  8    Int: 20    God:    Cheibriados [****..]
Gold:   411        SH:  0    Dex: 23    Spells: 0 memorised, 8 levels left

rFire  . . .     SeeInvis .     a - +0 flail
rCold  . . .     Gourm    .     K - +0 plate armour
rNeg   . . .     Faith    .     (no shield)
rPois  .         Spirit   +     (no helmet)
rElec  .         Dismiss  .     e - +0 cloak
rCorr  .         Reflect  .     (no gloves)
SustAt .         Harm     .     C - +0 pair of boots
MR     +....                    (no amulet)
Stlth  ..........               o - ring of magical power
                                j - ring of magical power

@: mighty, very slow, somewhat resistant to hostile enchantments, extremely
unstealthy
A: fangs 3, regeneration 2, magic shield, antimagic bite, no device heal 3, rot
immunity
a: Bend Time, Temporal Distortion, Slouch, Renounce Religion


You were on level 8 of the Dungeon.
You worshipped Cheibriados.
Cheibriados was greatly pleased with you.
You were not hungry.

You visited 1 branch of the dungeon, and saw 8 of its levels.

You collected 411 gold pieces.


Innate Abilities, Weirdness & Mutations

You have razor-sharp teeth.
You heal very quickly.
When hurt, damage is shared between your health and your magic reserves.
Your bite disrupts and absorbs the magic of your enemies.
Potions and wands cannot restore your health.
You are immune to rotting.


   Skills:
 - Level 4.0 Fighting
 + Level 9.2 Maces & Flails
 + Level 5.8 Armour
 - Level 2.6 Shields


You had 8 spell levels left.
You didn't know any spells.

Inventory:

Hand Weapons
 a - a +0 flail (weapon)
 J - a +0 blowgun
Missiles
 r - 68 poisoned needles
Armour
 c - a +0 shield
 e - a +0 cloak (worn)
 C - a +0 pair of boots (worn)
 K - a +0 plate armour (worn)
Jewellery
 b - a +2 ring of protection {unknown}
 j - a ring of magical power (left hand)
 o - a ring of magical power (right hand)
 y - the ring "Kiel" {rCorr rPois rN+ Dex+4}

   [ring of resist corrosion]

   It affects your dexterity (+4).
   It protects you from poison.
   It protects you from negative energy.
Wands
 h - a wand of iceblast (6/15)
 n - a wand of enslavement (11/24)
 x - a wand of iceblast (10/15)
 z - a wand of iceblast (6/15)
 E - a wand of heal wounds (4/9)
 O - a wand of acid (11/15)
Scrolls
 i - 3 scrolls of enchant armour {unknown}
 k - a scroll of amnesia {unknown}
 m - 2 scrolls of random uselessness {unknown}
 s - 4 scrolls of enchant weapon {unknown}
 A - a scroll of immolation
 B - a scroll of teleportation
 F - a scroll of remove curse
 G - a scroll of silence
 I - a scroll of vulnerability
 L - 2 scrolls of noise {unknown}
Potions
 d - a potion of might
 l - a potion of resistance {unknown}
 q - a potion of haste {unknown}
 t - a potion of ambrosia {unknown}
 u - 4 potions of curing {unknown}
 v - a potion of cure mutation {unknown}
 w - 2 potions of agility
 D - a potion of lignification {unknown}
 H - 2 potions of brilliance
 Q - a potion of magic {unknown}
Books
 P - a book of Beasts
Comestibles
 f - 6 bread rations
 g - a slice of pizza
 p - 2 beef jerkies
 M - 4 fruits
 N - a chunk of flesh

Dungeon Overview and Level Annotations

Branches:
Dungeon (8/15)             Temple (0/1) D:6
   Lair: D:8-11

Altars:
Cheibriados
Dithmenos
Nemelex Xobeh
Okawaru
Sif Muna
Trog
Vehumet
Yredelemnul

Annotations:
D:2 1 runed door


Message History

The orc warrior hits you but does no damage.
The orc warrior hits you from afar with a trident.
An orc comes into view. It is wielding a flail.
You barely miss the orc warrior.
The orc shouts!
Your bite misses the orc warrior.
The orc warrior hits you with a dire flail.
The orc warrior barely misses you.
You barely miss the orc warrior. You bite the orc warrior! You drain its power.
You feel invigorated.
The orc warrior is moderately wounded.
The orc warrior completely misses you.
The orc warrior hits you from afar with a trident!
You barely miss the orc warrior. You bite the orc warrior! You drain its power.
You feel invigorated.
The orc warrior is almost dead.
Something hits you but does no damage.
The orc warrior hits you with a dire flail!
The orc warrior closely misses you.
You hit the orc warrior. Your bite misses the orc warrior.
The orc warrior is almost dead.
The orc hits you but does no damage.
The orc wizard casts a spell.
The orc wizard flickers and vanishes!
Something hits you but does no damage.
You fail to use your ability.
The orc warrior barely misses you.
The orc warrior hits you but does no damage.
The orc hits you but does no damage. Something hits you but does no damage.
You fail to use your ability.
The orc warrior hits you with a dire flail!
The orc warrior hits you from afar with a trident!
The orc hits you but does no damage.
You hear some strange, mumbled words.
A puff of flame appears from out of thin air!
The puff of flame hits you!
You die...

#~.....##.#
.....#~........#
.....#~.....####
#'''##~.....#
~...~~~##.###
.oo### #.# #o{#
#.# #oo# #.# #
#@{# #.#
#.#..#####.#
#.....)....#
###..#######
.......
#####.### ..#
###


You could see 2 orc warriors, an orc priest and 2 orcs.

Action                   |  1- 3 |  4- 6 |  7- 9 || total
-------------------------+-------+-------+-------++-------
Melee: Flail             |   129 |   159 |   242 ||   530
  Use: Scroll            |       |       |     8 ||     8
       Potion            |       |       |     1 ||     1
  Eat: Chunk             |     3 |     5 |     4 ||    12

Notes
Turn   | Place    | Note
--------------------------------------------------------------
     0 | D:1      | Duffy the Vine Stalker Fighter began the quest for the Orb.
     0 | D:1      | Reached XP level 1. HP: 11/11 MP: 2/2
    48 | D:1      | Reached skill level 2 in Maces & Flails
    71 | D:1      | Reached XP level 2. HP: 16/16 MP: 3/3
   673 | D:1      | Reached skill level 3 in Maces & Flails
   677 | D:1      | Reached XP level 3. HP: 17/19 MP: 4/4
  1293 | D:2      | Noticed a human
  1413 | D:2      | Found a faded altar to an unknown god.
  1596 | D:2      | Found a runed door.
  1737 | D:2      | Found a basalt altar of Yredelemnul.
  1775 | D:2      | Reached XP level 4. HP: 19/23 MP: 5/5
  1880 | D:3      | Reached skill level 4 in Maces & Flails
  1958 | D:3      | Found an iron altar of Okawaru.
  1959 | D:3      | Found a shadowy altar of Dithmenos.
  1967 | D:3      | Found a snail-covered altar of Cheibriados.
  1969 | D:3      | Found a deep blue altar of Sif Muna.
  1987 | D:3      | Became a worshipper of Cheibriados the Contemplative
  2327 | D:4      | Reached skill level 3 in Fighting
  2338 | D:4      | Reached XP level 5. HP: 9/28 MP: 6/6
  2502 | D:4      | Got a translucent silver ring
  2508 | D:4      | Identified the ring "Kiel" {rCorr rPois rN+ Dex+4} (You found it on level 4 of the Dungeon)
  2585 | D:4      | Gained mutation: You heal very quickly. [Vine Stalker growth]
  2585 | D:4      | Reached XP level 6. HP: 22/33 MP: 7/7
  2698 | D:4      | Found a bloodstained altar of Trog.
  2766 | D:4      | Reached skill level 5 in Maces & Flails
  2779 | D:4      | Reached * piety under Cheibriados
  2860 | D:4      | Reached skill level 4 in Fighting
  3349 | D:5      | Entered Level 5 of the Dungeon
  3356 | D:5      | Noticed a sky beast
  3362 | D:5      | Killed a sky beast
  3362 | D:5      | Reached skill level 6 in Maces & Flails
  3362 | D:5      | Reached XP level 7. HP: 37/37 MP: 8/8
  3634 | D:5      | Found a sparkling altar of Nemelex Xobeh.
  3921 | D:5      | Reached ** piety under Cheibriados
  4134 | D:5      | Reached skill level 7 in Maces & Flails
  4310 | D:6      | Gained mutation: You have razor-sharp teeth. [Vine Stalker growth]
  4310 | D:6      | Reached XP level 8. HP: 42/42 MP: 9/9
  4380 | D:6      | Reached skill level 3 in Armour
  4520 | D:6      | Reached *** piety under Cheibriados
  4613 | D:6      | Reached skill level 8 in Maces & Flails
  4613 | D:6      | Reached skill level 4 in Armour
  4629 | D:6      | Found a staircase to the Ecumenical Temple.
  5317 | D:7      | Noticed a spriggan baker
  5322 | D:7      | Killed a spriggan baker
  5322 | D:7      | Reached skill level 5 in Armour
  5322 | D:7      | Reached XP level 9. HP: 41/45 MP: 10/10
  5460 | D:7      | Found a radiant altar of Vehumet.
  5461 | D:7      | Noticed Menkaure
  5465 | D:7      | Killed Menkaure
  5697 | D:8      | Reached **** piety under Cheibriados
  5697 | D:8      | Reached skill level 9 in Maces & Flails
  5911 | D:8      | Killed from afar by an orc wizard

Vault maps used:
D:1:      matt_arrival_refuge, minivault_27
D:2:      ecumenical_altar_1, dk_yredelemnul_ordeal
D:3:      grunt_temple_overflow_open
D:4:      lightli_temple_of_fire
D:5:      corexii_shack_village, nemelex_deck, first_bread
D:7:      kennysheep_little_box, the_bakery, uniq_menkaure
D:8:      minmay_misc_feat_hallway, st_stairs_1, minmay_orc_keep

Vanquished Creatures
  A spriggan Menkaure
  A water moccasin
  An orc warrior
  2 sky beasts
  3 centaurs
  2 giant frogs
  A scorpion
  5 wights
  2 crimson imps
  A quasit
  A giant frog zombie
  2 jellies
  3 orc priests
  2 hounds
  4 giant frog skeletons
  2 iguanas
  3 orc wizards
  5 worker ants
  A hound zombie
  2 worker ant zombies
  7 adders
  3 shadow imps
  An ooze
  A worm
  6 giant geckos
  25 orcs
  3 giant cockroaches
  11 goblins
  15 hobgoblins
  6 jackals
  5 quokkas
  A ball python
  12 bats
  A giant gecko skeleton
  4 giant newts
  A jackal skeleton
  12 kobolds
  10 rats
169 creatures vanquished.
